 Dungeon Crawl Stone Soup version 0.29.1-4-g47bece8355 (webtiles) character file.

Game seed: 14778041280279024221

301 Haldmier the Ruffian (level 6, -1/50 HPs)
             Began as a Ghoul Brigand on Dec 4, 2022.
             Was an Initiate of Okawaru.
             Slain by a quasit (2 damage)
             ... summoned by Eustachio
             ... on level 4 of the Dungeon.
             The game lasted 00:14:16 (3186 turns).

Haldmier the Ruffian (Ghoul Brigand)                Turns: 3186, Time: 00:14:16

Health: -1/50      AC:  7    Str: 17      XL:     6   Next: 37%
Magic:  5/5        EV: 10    Int: 12      God:    Okawaru [......]
Gold:   176        SH:  0    Dex:  9 (10) Spells: 5/5 levels left

rFire   . . .      SeeInvis .     - Unarmed
rCold   + . .      Faith    .   (no shield)
rNeg    + + +      Spirit   .   k - +0 ring mail
rPois   ∞          Reflect  .   v - +0 helmet
rElec   .          Harm     .   c - +0 cloak
rCorr   +          Rampage  .   (no gloves)
Will    .....                   (no boots)
Stlth   ++........              a - amulet of regeneration
HPRegen 0.00/turn               i - ring of resist corrosion
MPRegen 0.09/turn               l - +6 ring of intelligence

@: inhibited regen
A: claws 1, cold resistance 1, negative energy resistance 3, inhibited
regeneration, torment resistance 2, devour on kill
a: Renounce Religion


You were on level 4 of the Dungeon.
You worshipped Okawaru.
Okawaru was noncommittal.
You visited 2 branches of the dungeon, and saw 5 of its levels.

You collected 176 gold pieces.

Inventory:

Missiles
 d - 9 poisoned darts (quivered)
 e - 2 curare-tipped darts
 f - 14 stones
 w - a throwing net
Armour
 c - a +0 cloak (worn)
 k - a +0 ring mail (worn)
 v - a +0 helmet (worn)
Jewellery
 a - an amulet of regeneration (around neck)
 i - a ring of resist corrosion (left claw)
 l - a +6 ring of intelligence (right claw)
Wands
 s - a wand of iceblast (4)
 x - a wand of flame (13)
Scrolls
 g - a scroll of immolation {unknown}
 m - a scroll of enchant weapon {unknown}
 o - a scroll of magic mapping {unknown}
 q - 2 scrolls of identify {unknown}
 r - a scroll of fear {unknown}
Potions
 b - 3 potions of lignification {unknown}
 h - 3 potions of curing {unknown}
 j - 2 potions of degeneration {unknown}
 n - a potion of resistance {unknown}
 p - 2 potions of flight {unknown}
 t - a potion of ambrosia {unknown}
 u - a potion of cancellation {unknown}


   Skills:
 + Level 2.9 Fighting
 - Level 1.7 Short Blades
 - Level 1.7 Throwing
 + Level 1.2 Armour
 + Level 1.7 Dodging
 - Level 4.3 Stealth
 * Level 5.7 Unarmed Combat


You had 5 spell levels left.
You didn't know any spells.
Your spell library contained the following spells:

 Spells                   Type           Power      Damage    Failure   Level
 Scorch                   Fire           0%         2d5       67%         2
 Flame Wave               Conj/Fire      0%         2d4       99%         4
 Fireball                 Conj/Fire      0%         3d3       100%        5
 Iskenderun's Battlesphe  Conj           0%         2d6       100%        5
 Conjure Ball Lightning   Conj/Air       0%         3x3d6     100%        6
 Orb of Destruction       Conj           0%         9d5       100%        7
 Summon Cactus Giant      Summ           Unusable   N/A       N/A         6

Dungeon Overview and Level Annotations

Branches:
Dungeon (4/15)             Temple (1/1) D:4

Altars:
Ashenzari
Cheibriados
Dithmenos
Gozag
Kikubaaqudgha
Makhleb
Nemelex Xobeh
Okawaru
Qazlal
Ru
Sif Muna
Uskayaw
Vehumet
Wu Jian
Xom
Yredelemnul

Shops:
D:2 =   D:3 :

Annotations:
D:4 Eustachio


Innate Abilities, Weirdness & Mutations

You are immune to poison.
You have sharp fingernails.
Your flesh is cold resistant. (rC+)
You are immune to negative energy. (rN+++)
You do not regenerate when monsters are visible.
You are immune to unholy pain and torment.
You thrive by killing the living.


Message History

The ufetubus closely misses you.
The ufetubus hits you but does no damage.
The crimson imp hits you but does no damage.
The quokka bites you.
* * * LOW HITPOINT WARNING * * *
You miss Eustachio.
Eustachio is almost dead.
The river rat disappears in a puff of smoke!
The rat disappears in a puff of smoke!
The bat closely misses you.
The ufetubus hits you but does no damage. x2
Eustachio hits you with a +0 falchion.
* * * LOW HITPOINT WARNING * * *
The crimson imp blinks!
The quokka bites you but does no damage.
The ufetubus completely misses you.
The ufetubus hits you but does no damage.
You closely miss Eustachio.
Eustachio is almost dead.
The bat closely misses you. The bat barely misses you.
The quasit bites you but does no damage.
The quasit claws you but does no damage.
The quasit claws you.
* * * LOW HITPOINT WARNING * * *
You feel clumsy. Eustachio hits you but does no damage.
The ufetubus hits you but does no damage. x2
The bat closely misses you.
The quokka bites you but does no damage.
The quasit barely misses you. x2
The quasit claws you but does no damage.
You closely miss Eustachio.
Eustachio is almost dead.
The bat hits you but does no damage. The bat barely misses you.
The ufetubus barely misses you. x2; The quokka barely misses you.
Eustachio hits you with a +0 falchion.
* * * LOW HITPOINT WARNING * * *
The quasit barely misses you.
The quasit claws you but does no damage.
The quasit claws you.
You die...

.............).....#
...................#
..............§§§..#
..............§§§..#.
..............§§§....#
..................####
.g.....((.......#.#
.............5r.#.####
............§@@5......
...........b.r§§#.#...
............§b.§#.#..
............(§§.# #
...............(#
..........5#
..........# ..........


You could see Eustachio, a quasit (summoned), a crimson imp (summoned), an
ufetubus (summoned), a quokka (summoned), 2 bats and a rat (summoned).

Vanquished Creatures
  Crazy Yiuf (D:3)
  Jessica (D:2)
  2 iguanas
  Ijyb (D:3)
  An orc wizard (D:3)
  5 gnolls
  2 adders
  3 orcs (D:3)
  7 bats
  9 endoplasms
  3 giant cockroaches
  12 goblins
  3 hobgoblins
  7 jackals
  3 quokkas
  6 ball pythons
  2 frilled lizards (D:1)
  3 kobolds
  7 rats
78 creatures vanquished.

Vanquished Creatures (others)
  A butterfly (D:3)
  3 fungi (D:1)
  A plant (D:1)
5 creatures vanquished.

Grand Total: 83 creatures vanquished

Notes
Turn   | Place    | Note
-------+----------+-------------------------------------------
     0 | D:1      | Haldmier the Ghoul Brigand began the quest for the Orb.
     0 | D:1      | Reached XP level 1. HP: 17/17 MP: 0/0
   146 | D:1      | Reached skill level 1 in Unarmed Combat
   218 | D:1      | Reached XP level 2. HP: 24/24 MP: 1/1
   414 | D:1      | Reached skill level 2 in Unarmed Combat
   637 | D:1      | Reached XP level 3. HP: 9/29 MP: 2/2
   879 | D:1      | Found a faded altar of an unknown god.
   883 | D:1      | Reached skill level 3 in Unarmed Combat
  1020 | D:2      | Noticed Jessica
  1273 | D:2      | Found Mucwe's Jewellery Emporium.
  1478 | D:2      | Killed Jessica
  1479 | D:2      | Reached skill level 4 in Unarmed Combat
  1479 | D:2      | Reached XP level 4. HP: 36/36 MP: 3/3
  1720 | D:2      | Reached skill level 5 in Unarmed Combat
  1720 | D:2      | Reached XP level 5. HP: 8/41 MP: 4/4
  2067 | D:3      | Reached skill level 1 in Dodging
  2091 | D:3      | Found Gargh's Book Shoppe.
  2128 | D:3      | Noticed Ijyb
  2148 | D:3      | Killed Ijyb
  2513 | D:3      | Found a runed translucent door.
  2514 | D:3      | Noticed Crazy Yiuf
  2531 | D:3      | Killed Crazy Yiuf
  2532 | D:3      | Reached XP level 6. HP: 37/50 MP: 5/5
  2597 | D:3      | Reached skill level 1 in Armour
  2663 | D:3      | Found an ornate altar of the Wu Jian Council.
  2859 | D:4      | Found a staircase to the Ecumenical Temple.
  2902 | D:4      | Noticed Eustachio
  2913 | Temple   | Entered the Ecumenical Temple
  3128 | Temple   | Became a worshipper of Warmaster Okawaru
  3186 | D:4      | HP: 1/50 [Eustachio/+0 falchion (3)]
  3186 | D:4      | Slain by a quasit

Illustrated notes

Levels and vault maps discovered:
D:1:      evilmike_arrival_rings, layout_basic,
          shapermc_ecumenical_altar_mp_urbaneastern
D:2:      layout_basic, serial_shops, shop, uniq_jessica
D:3:      layout_rooms, nicolae_elyvilon_peaceful_grove,
          nicolae_wu_jian_wuxing_cycle, serial_shops,
          nicolae_shop_advertising_works [nicolae_subvault_shop_adworks],
          uniq_ijyb, uniq_crazy_yiuf_cottage
D:4:      layout_basic, minmay_temple_entry_purple_smoke, uniq_eustachio
Temple:   bh_familiar_temple

Skill      XL: |  1  2  3  4  5  6 |
---------------+-------------------+-----
Unarmed Combat | 1 2 4 5 |  5.7
Dodging        | 1 |  1.7
Armour         | 1 |  1.2
Fighting       | |  2.9
Short Blades   | |  1.7
Throwing       | |  1.7
Stealth        | |  4.3

Action                   |  1- 3 |  4- 6 || total
-------------------------+-------+-------++-------
Melee: Dagger            |   150 |    47 ||   197
       Punch             |     1 |     3 ||     4
       Unarmed           |       |   108 ||   108
Throw: Dart              |     2 |    24 ||    26
       Stone             |       |     2 ||     2
 Stab: Sleeping          |     7 |     2 ||     9
       Distracted        |     1 |       ||     1
       Invisible         |       |     1 ||     1
Armor: Robe              |     8 |       ||     8
       Ring mail         |    64 |    77 ||   141
Dodge: Dodged            |    85 |   114 ||   199
